 Dungeon Crawl Stone Soup version 0.28-a0-655-g4eb62b627b (webtiles) character file.

Game seed: 15915005672715387327

24 cheechan the Magician (level 3, -4/21 HPs)
             Began as an Octopode Hedge Wizard on Oct 12, 2021.
             Slain by Terence (9 damage)
             ... on level 2 of the Dungeon.
             The game lasted 00:05:06 (1562 turns).

cheechan the Magician (Octopode Hedge Wizard)       Turns: 1562, Time: 00:05:07

Health: -4/21      AC:  1    Str:  9    XL:     3   Next: 2%
Magic:  8/8        EV: 13    Int: 16    God:
Gold:   32         SH:  0    Dex: 12    Spells: 4/9 levels left

rFire   . . .      SeeInvis .   h - +2 whip (elec)
rCold   . . .      Faith    .   (no shield)
rNeg    . . .      Spirit   .   b - +0 hat
rPois   .          Reflect  .   (no amulet)
rElec   .          Harm     .   (no ring)
rCorr   .          Rampage  .   (no ring)
Will    .....                   (no ring)
Stlth   +++.......              (no ring)
HPRegen 0.07/turn               (no ring)
MPRegen 0.11/turn               (no ring)
                                (no ring)
                                (no ring)

@: no status effects
A: almost no armour, amphibious, 8 rings, camouflage 1, gelatinous body 1,
(nimble swimmer 1), tentacles
a: no special abilities


You were on level 2 of the Dungeon.
You visited 1 branch of the dungeon, and saw 2 of its levels.

You collected 32 gold pieces.

Inventory:

Hand Weapons
 a - a +0 dagger
 f - a +0 quarterstaff
 g - a +0 hunting sling
 h - a +2 whip of electrocution (weapon)
Missiles
 d - 33 stones
 j - 2 throwing nets
Armour
 b - a +0 hat (worn)
Potions
 c - a potion of ambrosia {unknown}
 e - a potion of curing
 i - a potion of flight {unknown}


   Skills:
 + Level 0.2 Short Blades
 + Level 2.1 Dodging
 + Level 2.8 Stealth
 + Level 3.8 Spellcasting
 + Level 1.0 Conjurations
 + Level 1.0 Summonings
 + Level 1.0 Translocations


You had 4 spell levels left.
You knew the following spells:

 Your Spells              Type           Power      Damage    Failure   Level
a - Magic Dart            Conj           24%        1d4       12%         1
b - Blink                 Tloc           N/A        N/A       17%         2
c - Call Imp              Summ           6%         N/A       17%         2

Your spell library contained the following spells:

 Spells                   Type           Power      Damage    Failure   Level
 Slow                     Hex            3%         N/A       26%         2
 Conjure Flame            Conj/Fire      4%         6-21      38%         3
 Mephitic Cloud           Conj/Pois/Air  4%         N/A       41%         3
 Dispersal                Tloc           3%         N/A       100%        6
 Disjunction              Tloc           3%         N/A       100%        8
 Chain Lightning          Conj/Air       2%         3d2       100%        9
 Fire Storm               Conj/Fire      2%         8d1       100%        9
 Shatter                  Erth           1%         3d6*      100%        9


Dungeon Overview and Level Annotations

Branches:
Dungeon (2/15)

Altars:

Annotations:
D:2 Terence


Innate Abilities, Weirdness & Mutations

You cannot wear most types of armour.
You are amphibious.
You can wear up to eight rings at the same time.
Your skin changes colour to match your surroundings (Stealth+).
Your rubbery body absorbs attacks. (AC +1, EV +1)
((You are camouflaged near water. (Stealth+)))
You have tentacles for arms and can constrict up to eight enemies at once.


Message History

The bat is heavily wounded.
Terence shouts!
You hear an angry hiss.
The bat barely misses you.
An iguana comes into view.
You hit the bat.
You kill the bat!
Casting: Magic Dart (safe; 12% risk of failure)
Confirm with . or Enter, or press ? or * to list all spells.
Aiming: Magic Dart (safe; 12% risk of failure)
Press: ? - help, Shift-Dir - straight line, f - quokka
Aim: a quokka (100% to hit)
The magic dart hits the quokka but does no damage.
Casting: Magic Dart (safe; 12% risk of failure)
Confirm with . or Enter, or press ? or * to list all spells.
Aiming: Magic Dart (safe; 12% risk of failure)
Press: ? - help, Shift-Dir - straight line, f/p - quokka
Aim: a quokka (100% to hit)
The magic dart hits the quokka.
The quokka is heavily wounded.
The quokka barely misses you.
You closely miss the quokka. You grab the quokka.
The quokka is heavily wounded.
You constrict the quokka. The quokka barely misses you.
You hit the quokka but do no damage.
The quokka is almost dead.
You constrict the quokka.
You kill the quokka!
Terence hits you with a +0 flail of holy wrath!
You have reached level 3!
Your experience leads to an increase in your attributes!
Increase (S)trength, (I)ntelligence, or (D)exterity?
You feel agile.
You see here 2 throwing nets.
j - 2 throwing nets Terence hits you with a +0 flail of holy wrath!
* * * LOW HITPOINT WARNING * * *
Terence shouts, "Get ready for death!"
Terence says, "Don't bother to defend, it's useless."
Terence hits you with a +0 flail of holy wrath!
You die...

#.# #.## #.#
#... #.# #..#
#.#### #..#
#.##.. #...
#.##.# #l##.###
#@##<..########.
#@####..........
#.# #..#######.
#.# #..# #.#
#..# #.#
#..####### #.#
#......... #.#
#........#
##.####..#####.#
#.#......#


You could see Terence and an iguana.

Vanquished Creatures
  A gnoll (D:1)
  A bat (D:2)
  3 endoplasms (D:1)
  A giant cockroach (D:1)
  3 hobgoblins (D:1)
  A quokka (D:2)
  A frilled lizard (D:1)
  A kobold (D:1)
  A rat (D:1)
13 creatures vanquished.

Notes
Turn   | Place    | Note
-------+----------+-------------------------------------------
     0 | D:1      | cheechan the Octopode Hedge Wizard began the quest for the
                  | Orb.
     0 | D:1      | Reached XP level 1. HP: 11/11 MP: 4/4
   315 | D:1      | Reached XP level 2. HP: 17/17 MP: 0/6
   370 | D:1      | Learned a level 2 spell: Blink
   373 | D:1      | Learned a level 2 spell: Call Imp
   614 | D:1      | Found a faded altar of an unknown god.
  1524 | D:2      | Noticed Terence
  1531 | D:2      | Reached XP level 3. HP: 12/21 MP: 4/8
  1562 | D:2      | Slain by Terence

Illustrated notes

Levels and vault maps discovered:
D:1:      dpeg_arrival_three_smaller_balls, layout_basic,
          shapermc_ecumenical_altar_totnotflames
D:2:      layout_loops_ring, uniq_terence

Action                   || total
-------------------------++-------
Melee: Dagger            ||    27
       Tentacles         ||     3
       Constrict         ||     4
       Whip              ||     3
 Cast: Magic Dart        ||    11
  Use: Scroll            ||     4
 Stab: Sleeping          ||     3
Dodge: Dodged            ||    23

Table legend: (Time is in decaauts)
 A = Elapsed time spent in this place.
 B = Non-inter-level travel time spent in this place.
 C = Inter-level travel time spent in this place.
 D = Time resting spent in this place.
 E = Time spent auto-exploring this place.
 F = Levels seen in this place.
 G = Mean time per level.
                   A        B        C        D        E       F      G
               +--------+--------+--------+--------+--------+-----+--------+
         Total |   1561 |   1561 |      0 |    489 |      0 |   2 |  780.5 |
       Dungeon |   1561 |   1561 |      0 |    489 |      0 |   2 |  780.5 |
               +--------+--------+--------+--------+--------+-----+--------+

Top non-repeatable levels by time:
     D:1: 1450 daAuts
     D:2: 111 daAuts
